AoeStats
← Blyad _Mann

Arena

508627874Analyzed
4v4 RM · 9d ago on Sep 23, 2026· 40m 37s· 8 players
Game mode
Random Map
Map size
Large (8 player)
Population
200
Speed
Normal
Resources
Standard
Victory
Conquest
Starting age
Dark Age
Ending age
Imperial Age
RankedLock teamsTeams togetherTeam positionsShared explorationLock speedFull tech treeHidden civsTurbo modeCheats
Victory
Defeat
🇳🇱 Danes · Netherlands
964
+12
🇨🇳 Mongols · China
958
+12
🇮🇩 Slavs · Indonesia
942
+13
🇦🇺 Mapuche · Australia
914
+14
🇨🇳 Persians · China
908
-14
🇨🇳 Celts · China
892
-14
🇦🇹 Varangians · Austria
857
-12
🇨🇳 Persians · China
819
-11
Blyad _Mann
0:27 Loom
12:08 Feudal Age
12:35 Double-Bit Axe
12:30 Horse Collar
18:39 Castle Age
16:48 Stone Mining
17:09 Gold Mining
19:43 Bow Saw
20:00 Forging
19:50 Scale Mail Armor
20:34 Heavy Plow
21:15 Gold Shaft Mining
23:20 Wheelbarrow
30:15 Imperial Age
28:02 Hand Cart
28:11 Arson
28:26 Squires
29:24 Chain Mail Armor
29:44 Iron Casting
31:48 Plate Mail Armor
31:53 Iron Casting
32:27 Hamask
32:27 Elite Jomsviking
33:28 Conscription
32:48 Pikeman
34:09 Iron Casting
34:50 Halberdier
39:31 Blast Furnace
38:15 Northmen's Fury
mr_intox
5:58 Loom
10:20 Feudal Age
12:18 Horse Collar
12:25 Double-Bit Axe
18:12 Castle Age
28:42 Imperial Age
27:54 Scale Mail Armor
28:04 Forging
27:55 Padded Archer Armor
28:16 Heavy Plow
29:14 Arson
30:06 Iron Casting
29:10 Capped Ram
32:19 Wheelbarrow
32:05 Bow Saw
32:28 Crop Rotation
32:18 Leather Archer Armor
32:24 Ballistics
33:05 Chemistry
31:55 Pikeman
32:50 Town Watch
32:33 Halberdier
35:16 Hand Cart
35:02 Town Patrol
35:51 Ring Archer Armor
35:12 Fletching
37:28 Chain Mail Armor
38:14 Blast Furnace
37:37 Masonry
38:41 Plate Mail Armor
38:53 Architecture
39:21 Gold Mining
39:12 Elite Bolas Rider
Paladins Order
10:44 Feudal Age
15:29 Castle Age
13:31 Double-Bit Axe
17:45 Horse Collar
26:04 Gold Mining
26:53 Wheelbarrow
28:13 Gold Shaft Mining
31:37 Imperial Age
30:02 Town Watch
29:44 Pikeman
30:36 Forging
31:59 Squires
32:02 Scale Mail Armor
31:46 Capped Ram
32:18 Onager
33:21 Hand Cart
34:13 Bloodlines
33:58 Halberdier
35:01 Conscription
36:56 Iron Casting
37:40 Scale Barding Armor
37:45 Husbandry
37:07 Light Cavalry
38:29 Hussar
39:53 Druzhina
41:16 Blast Furnace
40:59 Chain Mail Armor
Mr.Jay
8:40 Loom
10:26 Feudal Age
11:36 Double-Bit Axe
14:27 Castle Age
15:29 Bow Saw
15:27 Horse Collar
18:23 Heavy Plow
22:19 Wheelbarrow
22:25 Gold Mining
25:09 Stone Mining
26:37 Hand Cart
27:04 Gold Shaft Mining
26:34 Town Watch
30:03 Imperial Age
27:26 Fletching
27:37 Padded Archer Armor
28:22 Bodkin Arrow
29:08 Leather Archer Armor
29:02 Pikeman
30:28 Town Patrol
31:16 Ballistics
31:08 Masonry
31:26 Conscription
30:27 Elite Mangudai
31:01 Onager
31:51 Bracer
32:49 Capped Ram
33:24 Siege Onager
34:40 Drill
36:15 Chemistry
38:21 Siege Engineers
38:06 Siege Ram
757311513
0:31 Loom
10:17 Feudal Age
20:21 Castle Age
18:26 Stone Mining
18:37 Horse Collar
19:02 Gold Mining
19:20 Double-Bit Axe
20:42 Wheelbarrow
21:14 Bow Saw
21:41 Heavy Plow
24:26 Hand Cart
31:28 Stone Shaft Mining
31:29 Gold Shaft Mining
31:23 Husbandry
36:07 Imperial Age
38:01 Two-Man Saw
37:34 Crop Rotation
37:41 Conscription
36:42 Elite War Elephant
39:11 Conscription
38:12 Elite War Elephant
40:51 Arson
41:06 Squires
40:27 Pikeman
158889596
4:58 Loom
11:03 Feudal Age
14:34 Castle Age
12:59 Double-Bit Axe
13:11 Horse Collar
16:46 Wheelbarrow
22:31 Bow Saw
22:22 Heavy Plow
25:11 Hand Cart
24:58 Stone Mining
24:58 Gold Mining
27:01 Stone Shaft Mining
30:15 Imperial Age
28:55 Gold Shaft Mining
29:22 Forging
29:17 Scale Barding Armor
31:42 Crop Rotation
31:58 Iron Casting
31:44 Chain Barding Armor
31:27 Husbandry
31:37 Bloodlines
32:01 Town Watch
32:39 Conscription
32:07 Elite War Elephant
34:10 Blast Furnace
33:45 Plate Barding Armor
34:00 Plate Barding Armor
36:36 Cavalier
40:13 Savar
Salt
4:56 Loom
10:09 Feudal Age
14:10 Castle Age
12:47 Double-Bit Axe
20:28 Wheelbarrow
22:35 Gold Mining
27:20 Hand Cart
27:22 Stone Mining
28:35 Town Watch
28:55 Scale Mail Armor
31:00 Ballistics
30:37 Murder Holes
30:53 Fortified Wall
31:11 Bow Saw
31:43 Stone Shaft Mining
32:12 Horse Collar
35:16 Imperial Age
32:59 Gambesons
33:14 Squires
33:27 Forging
35:58 Iron Casting
35:38 Chain Mail Armor
fudychiji
11:14 Feudal Age
17:57 Castle Age
17:19 Horse Collar
17:36 Double-Bit Axe
20:17 Heavy Plow
22:44 Stone Mining
26:45 Loom
35:33 Imperial Age
33:52 Wheelbarrow
33:03 Town Watch
36:58 Imperial Age
37:46 Wheelbarrow
36:56 Town Watch
Connection lost

Rejoining the realm…

Still unreachable

The connection could not be restored.

Session expired

The server has moved on; the page needs a fresh start.